 Dungeon Crawl Stone Soup version 0.19-a0-1714-gcab94ab (webtiles) character file.

5310 mrath the Basher (level 10, -5/88 HPs)
             Began as a Minotaur Fighter on Sept 27, 2016.
             Was an Elder of Okawaru.
             Slain by a killer bee (6 damage)
             ... on level 9 of the Dungeon on Sept 28, 2016.
             The game lasted 00:38:57 (6727 turns).

mrath the Basher (Minotaur Fighter)                 Turns: 6727, Time: 00:38:57

Health: -5/88      AC: 18    Str: 24    XL:     10   Next: 37%
Magic:  12/12      EV:  9    Int:  5    God:    Okawaru [****..]
Gold:   273        SH: 15    Dex: 10    Spells: 0 memorised, 9 levels left

rFire  . . .     SeeInvis .     J - +1 flail (protect)
rCold  . . .     Gourm    .     l - +0 chain mail
rNeg   . . .     Faith    .     c - +0 shield
rPois  +         Spirit   .     (helmet restricted)
rElec  .         Dismiss  .     E - +2 cloak {+Inv}
rCorr  .         Reflect  +     (no gloves)
MR     .....     Harm     .     (no boots)
Stlth  ..........               t - +4 amulet of reflection
                                P - ring of poison resistance
                                x - +3 ring of protection

@: lethally poisoned (-5 -> -7)
A: retaliatory headbutt, horns 2
a: Heroism, Renounce Religion, Evoke Invisibility


You were on level 9 of the Dungeon.
You worshipped Okawaru.
Okawaru was greatly pleased with you.
You were hungry.

You visited 2 branches of the dungeon, and saw 10 of its levels.

You collected 273 gold pieces.

Inventory:

Hand Weapons
 a - a +1 flail of draining
 u - the +5 hunting sling of Lenk {venom, MR+, unknown}
   (You found it on level 9 of the Dungeon)

   It poisons the ammo it fires.
   It affects your resistance to hostile enchantments.
 J - a +1 flail of protection (weapon)
 N - a +0 blowgun
 R - a +1 flail of protection
Missiles
 e - 13 javelins (quivered)
 g - 8 curare-tipped needles
 h - 6 poisoned javelins
 i - 202 stones
 r - 44 poisoned needles
 B - 3 throwing nets
 K - 2 tomahawks
Armour
 c - a +0 shield (worn)
 l - a +0 chain mail (worn)
 E - a +2 cloak of invisibility (worn)
 G - a +0 large shield
Rods
 Q - a +0 iron rod (10/10)
   (You found it on level 10 of the Dungeon)
Jewellery
 b - an uncursed amulet of the gourmand {unknown}
 n - an uncursed ring of flight
 t - a +4 amulet of reflection (around neck)
 v - an uncursed ring of ice
 x - a +3 ring of protection (left hand)
 F - an uncursed amulet of regeneration
 P - a ring of poison resistance (right hand)
Wands
 w - a wand of random effects (29/48)
 z - a wand of confusion (33/48)
Scrolls
 d - 2 scrolls of remove curse
 j - 5 scrolls of identify
 k - a scroll of recharging
 s - a scroll of amnesia
 y - a scroll of immolation
 I - a scroll of random uselessness
Potions
 m - a potion of heal wounds {unknown}
 p - a potion of curing
 A - 3 potions of haste {unknown}
 H - 2 potions of invisibility {unknown}
 O - a potion of lignification {unknown}
Comestibles
 f - 2 bread rations
 o - 5 meat rations
 q - a fruit
 C - 3 slices of pizza
 D - a beef jerky
 M - 11 chunks of flesh


   Skills:
 + Level 7.9 Fighting
 + Level 8.3 Maces & Flails
 + Level 5.4 Throwing
 + Level 8.1 Armour
 + Level 6.1 Dodging
 + Level 7.8 Shields
 + Level 4.4 Evocations


You had 9 spell levels left.
You didn't know any spells.

Dungeon Overview and Level Annotations

Branches:
Dungeon (10/15)            Temple (1/1) D:5
   Lair: D:8-11         Orc: D:9-12

Altars:
Ashenzari
Cheibriados
Dithmenos
Elyvilon
Fedhas
Gozag
Hepliaklqana
Kikubaaqudgha
Makhleb
Nemelex Xobeh
Okawaru
Qazlal
Ru
Sif Muna
Trog
Uskayaw
Vehumet
Xom
Yredelemnul
Zin
The Shining One

Annotations:
D:2 1 runed door
D:10 exclusion: obsidian statue


Innate Abilities, Weirdness & Mutations

You reflexively headbutt those who attack you in melee.
You have a pair of horns on your head.


Message History

The killer bee closely misses you. You furiously retaliate!
You headbutt the killer bee, but do no damage.
You feel sick. The killer bee barely misses you. x2
You block the killer bee's attack.
The killer bee stings you but does no damage.
You block the killer bee's attack. The killer bee barely misses you.
The killer bee stings you but does no damage.
The killer bee stings you!
* * * LOW HITPOINT WARNING * * *
The killer bee stings you but does no damage. x2
You open the door. You block the killer bee's attack. x2
The killer bee stings you but does no damage.
The killer bee closely misses you.
The killer bee stings you but does no damage.
You block the killer bee's attack. The killer bee stings you.
* * * LOW HITPOINT WARNING * * *
The killer bee stings you.
* * * LOW HITPOINT WARNING * * *
You block the killer bee's attack. The killer bee stings you.
You die...

.. ... ##.# #... #..# ..#
############'#########
........##y@y........#
........).yyyy.>.....#
.......(#).y.y.......###
....(...##...........'y##
........##..........†#..##
........##...........##..#
........##...........###y##%
........##...........# #.yy.
....... ###+######### ####.


You could see a queen bee and 7 killer bees.

Vanquished Creatures
  The ghost of happinesssam the Frost Mage, a novice HEIE of Vehumet (D:9)
  Pikel (D:6)
  A troll (D:10)
  A hippogriff (D:7)
  Sigmund (D:3)
  A wraith (D:10)
  4 yaks (D:10)
  Menkaure (D:6)
  Edmund (D:5)
  An ice beast (D:6)
  Duvessa (D:7)
  2 orc warriors
  2 phantoms
  2 ogres
  3 slaves (D:6)
  3 centaurs
  3 bullfrogs
  Blork the orc (D:5)
  Dowan (D:7)
  A wyvern skeleton (D:6)
  6 killer bees (D:9)
  5 wights (D:7)
  2 crimson imps
  2 bullfrog zombies (D:5)
  3 hounds
  4 orc priests
  3 jellies
  A bullfrog skeleton (D:7)
  3 centaur skeletons
  Ijyb (D:3)
  Terence (D:3)
  2 iguanas
  4 orc wizards
  3 worker ants (D:5)
  A hound zombie (D:5)
  Robin (D:3)
  2 worker ant zombies (D:5)
  7 gnolls
  8 adders
  2 shadow imps
  4 worms
  2 adder zombies (D:6)
  4 dart slugs
  2 leopard geckos (D:1)
  19 orcs
  8 giant cockroaches
  14 goblins
  7 hobgoblins
  3 jackals (D:3)
  5 quokkas
  9 bats
  6 frilled lizards
  9 kobolds
  A quokka skeleton (D:10)
  11 rats
197 creatures vanquished.

Vanquished Creatures (others)
  A shadow imp (D:9)
  A goblin (D:3)
2 creatures vanquished.

Grand Total: 199 creatures vanquished

Notes
Turn   | Place    | Note
-------+----------+-------------------------------------------
     0 | D:1      | mrath the Minotaur Fighter began the quest for the Orb.
     0 | D:1      | Reached XP level 1. HP: 19/19 MP: 0/0
    76 | D:1      | You fall through a shaft!
   274 | D:2      | Reached XP level 2. HP: 25/26 MP: 1/1
   741 | D:1      | Reached XP level 3. HP: 31/31 MP: 2/2
  1265 | D:2      | Found a faded altar of an unknown god.
  1354 | D:2      | Reached skill level 5 in Maces & Flails
  1613 | D:2      | Found a runed door.
  1868 | D:3      | Reached XP level 4. HP: 39/40 MP: 3/3
  1975 | D:3      | Found a glowing golden altar of the Shining One.
  2049 | D:3      | Noticed Sigmund
  2057 | D:3      | Killed Sigmund
  2057 | D:3      | Reached skill level 1 in Throwing
  2057 | D:3      | Reached skill level 1 in Dodging
  2057 | D:3      | Reached XP level 5. HP: 38/46 MP: 4/4
  2071 | D:3      | Noticed Robin
  2080 | D:3      | Killed Robin
  2292 | D:3      | Reached XP level 6. HP: 51/52 MP: 5/5
  2305 | D:3      | Noticed Ijyb
  2312 | D:3      | Killed Ijyb
  2615 | D:3      | Noticed Terence
  2623 | D:3      | Killed Terence
  3161 | D:4      | Reached skill level 1 in Evocations
  3161 | D:4      | Reached XP level 7. HP: 15/60 MP: 6/6
  3775 | D:5      | Entered Level 5 of the Dungeon
  3775 | D:5      | Found a staircase to the Ecumenical Temple.
  3781 | Temple   | Entered the Ecumenical Temple
  3827 | Temple   | Became a worshipper of Warmaster Okawaru
  3906 | D:5      | Reached skill level 5 in Shields
  3974 | D:5      | Noticed Edmund
  3987 | D:5      | Reached skill level 5 in Armour
  4002 | D:5      | Killed Edmund
  4002 | D:5      | Reached * piety under Okawaru
  4008 | D:5      | Reached skill level 5 in Fighting
  4169 | D:5      | Upgraded the game from 0.19-a0-1704-gbd66c22 to 0.19-a0-1714-gcab94ab
  4370 | D:5      | Noticed Blork the orc
  4374 | D:5      | Killed Blork the orc
  4546 | D:6      | Reached XP level 8. HP: 61/69 MP: 5/8
  4552 | D:6      | Found a snail-covered altar of Cheibriados.
  4615 | D:6      | Reached ** piety under Okawaru
  4890 | D:6      | Noticed Menkaure
  4894 | D:6      | Killed Menkaure
  5167 | D:6      | Noticed Pikel
  5175 | D:6      | Killed Pikel
  5175 | D:6      | Reached *** piety under Okawaru
  5175 | D:6      | Reached XP level 9. HP: 44/77 MP: 8/10
  5433 | D:7      | Found a deep blue altar of Sif Muna.
  5755 | D:7      | Reached skill level 5 in Dodging
  5942 | D:7      | Noticed Duvessa
  5947 | D:7      | Noticed Dowan
  5947 | D:7      | Killed Duvessa
  5959 | D:7      | Killed Dowan
  6131 | D:7      | You fall through a shaft for 3 floors!
  6131 | D:10     | Entered Level 10 of the Dungeon
  6140 | D:10     | Reached **** piety under Okawaru
  6168 | D:10     | Noticed an obsidian statue
  6213 | D:10     | Noticed a troll
  6230 | D:10     | Killed a troll
  6353 | D:10     | Received a gift from Okawaru
  6353 | D:10     | Reached skill level 5 in Throwing
  6358 | D:10     | Reached XP level 10. HP: 75/86 MP: 11/11
  6553 | D:9      | Noticed happinesssam's ghost (novice HEIE)
  6563 | D:9      | Killed happinesssam's ghost
  6673 | D:9      | Got a smoking hunting sling
  6726 | D:9      | HP: 4/88 [killer bee (9)]
  6727 | D:9      | HP: 1/88 [killer bee (3)]
  6727 | D:9      | Slain by a killer bee

Vault maps used:
D:1:      dpeg_arrival_chase, minivault_11, minmay_misc_feat_nine_boxes,
          minmay_liquid_box
D:2:      ecumenical_altar_2, uniq_crazy_yiuf_cottage
D:3:      first_bread, tso_altar, uniq_iyjb, uniq_terence, uniq_robin,
          uniq_sigmund
D:4:      kennysheep_generic_room_13
D:5:      uniq_blork_the_orc, uniq_edmund
D:6:      basic_altar, portal_sewer_entry_e, uniq_menkaure, uniq_pikel
D:7:      basic_altar, uniq_duvessa
D:9:      lair_0_dummy, kennysheep_orc_monster_closet_entryway
D:10:     minmay_separated_statues, special_room
Temple:   dpeg_three_leaves_temple

Skill      XL: |  1  2  3  4  5  6  7  8  9 10 |
---------------+-------------------------------+-----
Maces & Flails | 3 4 5 6 7 8 |  8.3
Fighting       | 4 5 6 7 |  7.9
Throwing       | 1 2 4 5 |  5.4
Armour         | 4 5 6 7 8 |  8.1
Dodging        | 1 2 3 4 5 6 |  6.1
Shields        | 4 5 6 7 |  7.8
Evocations     | 1 3 4 |  4.4

Action                   |  1- 3 |  4- 6 |  7- 9 | 10-12 || total
-------------------------+-------+-------+-------+-------++-------
Melee: Flail             |   117 |    96 |   349 |   100 ||   662
       Headbutt          |    15 |    14 |    66 |    18 ||   113
Throw: Javelin           |     3 |    11 |    22 |       ||    36
Invok: Heroism           |       |       |     8 |     3 ||    11
  Use: Scroll            |     1 |     2 |    13 |       ||    16
       Potion            |       |     1 |       |     2 ||     3
  Eat: Chunk             |     3 |     4 |    11 |     1 ||    19
Armor: Scale mail        |    47 |    45 |    45 |       ||   137
       Chain mail        |       |       |    62 |    85 ||   147
Dodge: Dodged            |    32 |    28 |    86 |    62 ||   208
Block: Shield            |    53 |    80 |   237 |   123 ||   493
       Reflection        |       |     1 |     8 |     2 ||    11
